← All builds
Suicide front / Armada / Factory first / OBSERVED BUILD

Standard suicide front

Bot Lab first into Rocketeer/Centurion/Pawn to contest the middle early and hold until T2 arrives, the role's baseline play.

Usually lab first (63%)

#rush · 1213 distinct matches · 127 players · 71% of Armada Suicide front games · team won 60% of 1440 · Recently observed

HOW TO PLAY IT

Key timing: Bot Lab by 0:20

  1. Open with mex and wind, drop Bot Lab immediately.
  2. Push out first "Centurion" as Pond's boost lands.
  3. Send "Rocketeer", "Centurion", "Pawn" mix to contest middle.
  4. Add Dragon's Teeth and Sentries to hold the line.
  5. Get Advanced Metal Extractor up as T2 nears.

Phase by phase

TYPICAL OF ITS 1213 GAMES
  1. 1
  2. 2
  3. 3
PLAY THE OPENING

Follow the example game's first 6:00 step by step: what to build now, what comes next, and where it goes. At 1× it keeps pace with your own game.

  1. 1

    Bot Lab first

    Order
    1. Bot LabBot Lab done ~0:20, middle half 0:20–0:33

    Some games also: mex (37%)

  2. 2

    Bot Lab to 5:00

    Economy
    • Metal Extractor5Mex
    • Wind Turbine4Wind
    Builders
    • Construction Bot3 Con bot
    • Lazarus2 Lazarus
    Army
    • Sentry4 Sentry
    • Rocketeer18 Rocketeer
    • Tick2 Tick
    • Centurion1 Centurion
    Other
    • Radar Tower1 Radar Tower

    Some games also: con turret (35%) · pawn (31%)

    By 5:00 in all: 5 mex · 4 wind

    The example game in this phase · 42 steps
    1. TickTick ×2
    2. LazarusLazarus ×2
    3. Construction BotCon bot
    4. CenturionCenturion
    5. Construction BotCon bot ×2
    6. RocketeerRocketeer
    7. Construction BotCon bot
    8. SentrySentry
    9. Radar TowerRadar Tower
    10. RocketeerRocketeer
    11. Mex
    12. RocketeerRocketeer
    13. SentrySentry
    14. TickTick
    15. RocketeerRocketeer
    16. LazarusLazarus
    17. NettleNettle
    18. Mex
    19. LazarusLazarus
    20. Wind
    21. RocketeerRocketeer
    22. BeamerBeamer
    23. RocketeerRocketeer ×2
    24. Wind
    25. Dragon's TeethDragon's Teeth
    26. TickTick
    27. RocketeerRocketeer
    28. LazarusLazarus
    29. SentrySentry
    30. Wind
    31. RocketeerRocketeer
    32. NettleNettle
    33. RocketeerRocketeer
    34. Wind
    35. RocketeerRocketeer
    36. SentrySentry
    37. Con turret
    38. TickTick
    39. RocketeerRocketeer
    40. LazarusLazarus
    41. Wind
    42. RocketeerRocketeer ×2
  3. 3

    5:00 to 10:00

    Economy
    • Metal Extractor1Mex
    • Wind Turbine17Wind
    Builders
    • Construction Turret2 Con turret
    • Lazarus2 Lazarus
    • Construction Bot1 Con bot
    Army
    • Sentry1 Sentry
    • Rocketeer8 Rocketeer
    • Pawn1 Pawn

    Some games also: tick (48%) · Radar Tower (47%) · energy storage (46%) · centurion (45%) · Beamer (38%)

    By 10:00 in all: 6 mex · 23 wind · 1 energy storage · 3 con turret

    The example game in this phase · 88 steps
    1. RocketeerRocketeer
    2. Wind
    3. TickTick
    4. RocketeerRocketeer
    5. LazarusLazarus
    6. RocketeerRocketeer
    7. Wind
    8. RocketeerRocketeer
    9. Radar TowerRadar Tower
    10. RocketeerRocketeer
    11. Mex
    12. TickTick
    13. Wind
    14. SentrySentry
    15. RocketeerRocketeer
    16. LazarusLazarus
    17. Wind
    18. RocketeerRocketeer
    19. NettleNettle ×2
    20. RocketeerRocketeer
    21. SentrySentry
    22. RocketeerRocketeer
    23. Wind
    24. TickTick
    25. BeamerBeamer
    26. RocketeerRocketeer
    27. SentrySentry
    28. LazarusLazarus
    29. Wind
    30. Mex
    31. Construction BotCon bot
    32. Con turret
    33. Construction BotCon bot
    34. Wind
    35. SentrySentry
    36. RocketeerRocketeer
    37. Wind
    38. Energy storage
    39. RocketeerRocketeer ×2
    40. Con turret
    41. Wind
    42. TickTick
    43. Wind
    44. RocketeerRocketeer
    45. Wind
    46. SentrySentry
    47. RocketeerRocketeer
    48. LazarusLazarus
    49. Wind ×2
    50. Advanced Metal ExtractorT2 mexdone 8:51 · typical 9:36
    51. RocketeerRocketeer
    52. Wind ×2
    53. RocketeerRocketeer
    54. SentrySentry
    55. Wind
    56. RocketeerRocketeer
    57. Wind ×2
    58. Advanced Metal ExtractorT2 mex
    59. TickTick
    60. Mex
    61. Wind
    62. RocketeerRocketeer
    63. Wind
    64. Con turret
    65. Mex
    66. Wind
    67. LazarusLazarus
    68. Con turret
    69. Radar TowerRadar Tower
    70. Wind ×2
    71. RocketeerRocketeer
    72. Bot LabBot Labdone 9:42
    73. RocketeerRocketeer
    74. Wind
    75. AnemoneAnemone
    76. Construction BotCon bot
    77. RocketeerRocketeer
    78. Wind
    79. Advanced Metal ExtractorT2 mex
    80. RocketeerRocketeer
    81. BeamerBeamer
    82. Wind
    83. TickTick
    84. Wind
    85. RocketeerRocketeer
    86. JanusJanus
    87. Wind ×2
    88. LazarusLazarus

Counts are medians over the build's games: half of them build more, half fewer. The example game is yubiyubi's (42 OS, 30/08/2026); pick another.

Team trades

IN AT LEAST 30% OF ITS GAMES

You hand over

Nothing regular.

You get

  • Tidal Generator4 Tidal from Pondfirst at 0:10 · in 70% of games
  • Advanced Construction Bot1 T2 con bot from Geo or Techfirst at 7:30 · in 58% of games

How it plays out

Typical game of this build, running totals by minute

Metal produced

010k20k30k
0:005:0010:0015:00

metal

Enemy metal destroyed

05k10k
0:005:0010:0015:00

metal

Own metal lost

05k10k
0:005:0010:0015:00

metal

1440 games.

Show as table
ByMetal produced: This buildEnemy metal destroyed: This buildOwn metal lost: This build
1:0022600
2:0088900
3:002054172106
4:003161659486
5:00424214171020
6:00543123291786
7:00666531822732
8:00791340383630
9:00931348184495
10:001069854325322
11:001225358976066
12:001405165186829
13:001614670217530
14:001803976888368
15:002035582999232
WHAT THE NUMBERS SAY

Standard suicide front play wins slightly more than half its games with fast kills but also fast losses, matching the raw grind of the role.

  • + First kill lands by 2:04 in all games
  • + Metal produced reaches 19882 by 15:00
  • − Own metal lost hits 9208 by 15:00, near metal destroyed of 8172
  • − First unit lost as early as 2:08 in every game
THE EXAMPLE YOU ARE READING

yubiyubi

42.1 OS · 30/08/2026

Open source match ↗

5 received units · includes a constructor
24 metal received · 10172 energy received

Allied construction assistance is unknown. Timings are observations, not a promise of solo reproducibility.

Typical milestones

Bot Lab0:20Middle 50%: 0:20–0:33 · n=1434
Advanced Metal Extractor9:36Middle 50%: 8:41–10:48 · n=1057

Played most by

_X_252games of this buildPlatinumBlonde173games of this buildXad113games of this buildImmort65games of this buildwatermeloans58games of this build